 Dungeon Crawl Stone Soup version 0.31.0 (webtiles) character file.

Game seed: 4757977426492296983

45 qw the Shooter (level 3, -1/22 HPs)
             Began as a Gargoyle Hunter on Jan 20, 2024.
             Slain by a goblin
             ... wielding a +0 club
             ... led by Robin
              (2 damage)
             ... on level 2 of the Dungeon.
             The game lasted 00:00:03 (590 turns).

qw the Shooter (Gargoyle Hunter)                     Turns: 590, Time: 00:00:03

Health: -1/22      AC:  8    Str: 14    XL:     3   Next: 64%
Magic:  3/3        EV: 10    Int:  9    God:
Gold:   115        SH:  0    Dex: 15    Spells: 2/2 levels left

rFire   . . .        a - +0 shortbow
rCold   . . .        (shield currently unavailable)
rNeg    + . .        f - +0 ring mail
rPois   inf          (no helmet)
rElec   +            (no cloak)
rCorr   .            (no gloves)
SInv    .            (no boots)
Will    .....        (no amulet)
Stlth   +            (no ring)
HPRegen 0.23/turn    (no ring)
MPRegen 0.08/turn

%: no passive effects
@: no status effects
A: sickness immunity, AC +3, negative energy resistance 1, electricity
resistance, torment resistance 1, petrification resistance
a: no special abilities


You were on level 2 of the Dungeon.
You visited 1 branch of the dungeon, and saw 2 of its levels.

You collected 115 gold pieces.


Innate Abilities, Weirdness & Mutations

You are immune to sickness and miasma.
Your stone body is resilient. (AC +3)
You are immune to poison.
You resist negative energy. (rN+)
You are resistant to electric shocks. (rElec)
You are resistant to unholy torment.
You are immune to petrification.


   Skills:
 + Level 2.5 Fighting
 - Level 5.0 Ranged Weapons
 - Level 1.0 Armour
 - Level 1.5 Dodging
 - Level 1.1 Stealth


You had 2 spell levels left.
You didn't know any spells.
Your spell library was empty.

Inventory:

Hand Weapons
 a - a +0 shortbow (weapon)
Armour
 f - a +0 ring mail (worn)
Jewellery
 d - a ring of fire

Dungeon Overview and Level Annotations

Branches:
Dungeon (2/15)

Altars:

Shops:
D:1 (

Annotations:
D:2 Robin


Message History

The goblin barely misses you. The goblin hits you but does no damage.
You shoot an arrow. The arrow hits the goblin.
You kill the goblin!
The goblin hits you but does no damage.
The hobgoblin hits you but does no damage.
The hobgoblin barely misses you. The goblin completely misses you.
The goblin barely misses you. Robin throws the goblin at you!
The goblin hits you but does no damage. The hobgoblin barely misses you.
The goblin hits you but does no damage. The goblin hits you with a +0 club.
Robin hits you from afar with a +0 spear.
The goblin hits you but does no damage. The hobgoblin closely misses you.
You shoot an arrow. The arrow hits the hobgoblin.
The hobgoblin is heavily wounded.
The goblin closely misses you. Robin closely misses you.
The goblin completely misses you.
The hobgoblin hits you but does no damage.
The goblin hits you but does no damage. The hobgoblin misses you.
The goblin barely misses you.
You shoot an arrow. The arrow closely misses the hobgoblin.
The goblin barely misses you. Robin hits you but does no damage.
The hobgoblin closely misses you. The goblin barely misses you. x2
The hobgoblin hits you. The goblin misses you.
You shoot an arrow. The arrow closely misses the hobgoblin.
The goblin hits you but does no damage. Robin throws the goblin at you!
The goblin hits you but does no damage.
The hobgoblin hits you but does no damage.
The goblin hits you but does no damage. x2; The hobgoblin closely misses you.
The goblin hits you with a +0 club.
You shoot an arrow. The arrow hits the hobgoblin.
You kill the hobgoblin!
The goblin no longer looks unusually strong.
The hobgoblin misses you. The goblin hits you with a +0 dagger.
The goblin closely misses you. The goblin hits you but does no damage.
The goblin completely misses you.
Robin roars a battlecry!
The goblin goes into a battle-frenzy!
The goblin hits you with a +0 dagger. The goblin barely misses you.
Robin hits you from afar with a +0 spear.
The goblin hits you with a +0 club.
You die...

### ..# #.#
#.# #.#
###[####
#####gggg..#
.)..%gb@g..#
....#g#gg..#
. #.###..#
#......#
#......#
##.##<##
#..)....#
####.#### #


You could see Robin, 2 hobgoblins, 6 goblins and a bat.

Vanquished Creatures
  A gnoll (D:1)
  A ribbon worm (D:1)
  4 endoplasms (D:1)
  3 giant cockroaches (D:1)
  6 goblins
  6 hobgoblins
  2 quokkas
  A ball python (D:1)
  2 bats (D:1)
  2 kobolds (D:1)
  3 rats (D:1)
31 creatures vanquished.

Notes
Turn   | Place    | Note
-------+----------+-------------------------------------------
     0 | D:1      | qw the Gargoyle Hunter began the quest for the Orb.
     0 | D:1      | Reached XP level 1. HP: 12/12 MP: 1/1
     0 | D:1      | 0 ||| qw: Version: 0.3-a-132-g3d54051
     0 | D:1      | 0 ||| qw: Game counter: 499
     0 | D:1      | 0 ||| qw: Melee chars always use a shield: true
     0 | D:1      | 0 ||| qw: God list: Okawaru
     0 | D:1      | 0 ||| qw: Allow faded altars: false
     0 | D:1      | 0 ||| qw: Do Orc after clearing Dungeon:15 true
     0 | D:1      | 0 ||| qw: Do second Lair branch before Depths: true
     0 | D:1      | 0 ||| qw: Lair rune preference: random
     0 | D:1      | 0 ||| qw: Goals: Normal
     0 | D:1      | 0 ||| PLANNING D:1-11
    58 | D:1      | Reached XP level 2. HP: 17/17 MP: 2/2
   320 | D:1      | Reached XP level 3. HP: 21/21 MP: 3/3
   350 | D:1      | Reached skill level 5 in Ranged Weapons
   406 | D:1      | Found Mitaank's Weapon Boutique.
   462 | D:1      | 462 ||| UPGRADING to +0 ring mail.
   472 | D:1      | 472 ||| DROPPING +0 leather armour.
   473 | D:1      | 473 ||| READING scroll labelled NOOLERCHULY.
   474 | D:1      | 474 ||| READING scroll labelled QUPEKYA FOKUPI.
   474 | D:1      | 474 ||| IDENTIFYING glowing coppery potion
   475 | D:1      | 475 ||| DROPPING scroll of butterflies.
   476 | D:1      | 476 ||| DROPPING potion of brilliance.
   502 | D:2      | 502 ||| STAIRDANCE
   552 | D:2      | 552 ||| STAIRDANCE
   558 | D:2      | 558 ||| STAIRDANCE
   563 | D:1      | Reached skill level 1 in Armour
   578 | D:2      | Noticed Robin
   590 | D:2      | HP: 5/22 [goblin/+0 dagger[Robin] (1)]
   590 | D:2      | HP: 1/22 [Robin/+0 spear (4)]
   590 | D:2      | Slain by a goblin

Levels and vault maps discovered:
D:1:      eino_arrival_water_star, layout_rooms, serial_shops,
          nicolae_shop_just_a_little_nook, chequers_serial_rivers_room_a
D:2:      cheibrodos_fertilizer, layout_loops_cross, serial_shops, shop,
          uniq_robin, uniq_crazy_yiuf_cottage

Skill      XL: |  1  2  3 |
---------------+----------+-----
Ranged Weapons | 5 |  5.0
Armour         | 1 |  1.0
Fighting       | |  2.5
Dodging        | |  1.5
Stealth        | |  1.1

Action                     || total
---------------------------++-------
   Fire: Shortbow          ||    94
    Use: Scroll            ||     2
 Armour: Leather armour    ||    13
         Ring mail         ||    46
  Dodge: Dodged            ||    65

Table legend:
 A = Non-vault XP
 B = Vault XP
 C = Vault XP percentage of total XP
 D = Non-vault monster count
 E = Vault monster count
 F = Vault count percentage of total count
                 A         B        C        D         E       F
            +---------+---------+-------+---------+---------+-------
      Total |      60 |       7 |  10.4 |      27 |       4 |  12.9
            +---------+---------+-------+---------+---------+-------
        D:1 |      56 |       0 |   0.0 |      25 |       0 |   0.0
        D:2 |       4 |       7 |  63.6 |       2 |       4 |  66.7
            +---------+---------+-------+---------+---------+-------
